AoeStats
← Mangonutz68

Arabian Desert

510525114Analyzed
1v1 RM · 1d ago on Oct 1, 2026· 33m 40s· 2 players
Game mode
Random Map
Map size
Tiny (2 player)
Population
200
Speed
Normal
Resources
Standard
Victory
Conquest
Starting age
Dark Age
Ending age
Imperial Age
RankedLock teamsTeams togetherTeam positionsShared explorationLock speedFull tech treeHidden civsTurbo modeCheats
Victory
Defeat
🇹🇷 Spanish · Türkiye
800
+15
🇦🇺 Chinese · Australia
789
-38
Mangonutz68
1:25 Loom
14:44 Feudal Age
20:23 Man-at-Arms
22:20 Double-Bit Axe
onurucar0658
12:26 Feudal Age
20:00 Castle Age
18:03 Double-Bit Axe
30:36 Wheelbarrow
Connection lost

Rejoining the realm…

Still unreachable

The connection could not be restored.

Session expired

The server has moved on; the page needs a fresh start.